 Dungeon Crawl Stone Soup version 0.28-a0-1510-gd0f6b136d3 (webtiles) character file.

Game seed: 18181723741796062375

169 Shayle the Ducker (level 5, 0/40 HPs)
             Began as a Djinni Warper on Jan 15, 2022.
             Slain by a gnoll (4 damage)
             ... on level 4 of the Dungeon.
             The game lasted 00:06:01 (3596 turns).

Shayle the Ducker (Djinni Warper)                   Turns: 3596, Time: 00:06:02

Health: 0/40       AC:  4    Str: 10    XL:     5   Next: 79%
Gold:   140        EV: 12    Int: 16    God:
                   SH:  0    Dex: 13

rFire   + + .      SeeInvis .   n - +2 dagger (vamp)
rCold   . . .      Faith    .   (no shield)
rNeg    . . .      Spirit   .   d - +1 leather armour {rC+}
rPois   ∞          Reflect  .   (helmet currently unavailable)
rElec   .          Harm     .   (no cloak)
rCorr   .          Rampage  .   (no gloves)
Will    .....                   (boots unavailable)
Stlth   +.........              (no amulet)
HPRegen 0.13/turn               (no ring)
MPRegen 0.00/turn               (no ring)

@: appendages, flying
A: horns 2, flying, sickness immunity, fire resistance 2, cold vulnerability 1,
float, innate caster, hp casting, extra vitality 1
a: End Transformation


You were on level 4 of the Dungeon.
You had temporarily grown beastly horns.
You visited 1 branch of the dungeon, and saw 4 of its levels.

You collected 140 gold pieces.

Inventory:

Hand Weapons
 n - a +2 vampiric dagger (weapon)
Missiles
 g - 17 poisoned darts (quivered)
Armour
 a - a +0 leather armour
 d - a +1 leather armour of cold resistance (worn)
Wands
 o - a wand of mindburst (10)
Scrolls
 b - a scroll of blinking
 e - a scroll of fear {unknown}
 h - 3 scrolls of identify {unknown}
 m - 2 scrolls of teleportation {unknown}
 p - a scroll of magic mapping {unknown}
Potions
 c - 2 potions of curing {unknown}
 f - a potion of flight {unknown}
 i - 2 potions of heal wounds {unknown}
 j - a potion of degeneration {unknown}
 k - a potion of brilliance {unknown}
 l - a potion of might {unknown}


   Skills:
 + Level 3.3 Fighting
 - Level 0.7 Throwing
 - Level 1.0 Armour
 + Level 3.5 Dodging
 + Level 3.1 Unarmed Combat
 + Level 3.1 Spellcasting


You couldn't memorise any spells.
You knew the following spells:

 Your Spells              Type           Power      Damage    Failure   Level
a - Blink                 Tloc           24%        N/A       11%         2
b - Lesser Beckoning      Tloc           12%        N/A       22%         3
c - Gell's Gravitas       Tloc           12%        N/A       22%         3
d - Teleport Other        Tloc           12%        N/A       22%         3
e - Manifold Assault      Tloc           12%        N/A       89%         5
f - Beastly Appendage     Tmut           24%        N/A       7%          1
g - Searing Ray           Conj           24%        2d5       11%         2
Your spell library was empty.

Dungeon Overview and Level Annotations

Branches:
Dungeon (4/15)
 Temple: D:4-7

Altars:

Shops:
D:1 ?   D:3 :


Innate Abilities, Weirdness & Mutations

You have temporarily grown beastly horns.
You are flying.
You are immune to sickness and miasma.
You are immune to poison.
Your flesh is very heat resistant. (rF++)
You are vulnerable to cold. (rC-)
You float through the air rather than walking.
You learn spells naturally, not from books.
Your magical power is your life essence.
You have superior vitality. (+4 MHP)


Message History

You grow a pair of large bovine horns.
You fly downwards.
The gnoll closely misses you.
There is a stone staircase leading up here.
Casting: Beastly Appendage (safe; 7% risk of failure)
Confirm with . or Enter, or press ? or * to list all spells.
Okay, then.
The gnoll hits you with a +0 whip! The gnoll hits you with a +0 whip.
The gnoll hits you with a +0 whip.
Casting: Beastly Appendage (safe; 7% risk of failure)
Confirm with . or Enter, or press ? or * to list all spells.
You extend your transformation's duration.
The gnoll hits you with a +0 whip.
You barely miss the gnoll. The gnoll barely misses you.
You hit the gnoll.
You feel better.
The gnoll is heavily wounded.
The gnoll hits you with a +0 whip.
You closely miss the gnoll.
The gnoll is heavily wounded.
The gnoll hits you with a +0 whip.
You hit the gnoll but do no damage. You headbutt the gnoll.
The gnoll is severely wounded.
The gnoll completely misses you.
You hit the gnoll.
You kill the gnoll!
You hit the gnoll but do no damage. The gnoll barely misses you.
You closely miss the gnoll.
You headbutt the gnoll, but do no damage.
The gnoll hits you with a +0 flail.
You hit the gnoll but do no damage.
You headbutt the gnoll, but do no damage.
The gnoll hits you with a +0 flail!
* * * LOW HITPOINT WARNING * * *
You hit the gnoll.
The gnoll is moderately wounded.
The gnoll barely misses you.
You hit the gnoll. You headbutt the gnoll.
The gnoll is heavily wounded.
The gnoll hits you with a +0 flail.
You die...

#.......#....#...........
#.......#....#...........
##.......###..##...####.##
#.....#'####..##...####.##
#.....#...#.........#.....
#.....#...'.........#.....
#.....#...#.........'.....
#.....#...#.........#.....
########.....###@#####....###..##
..........#'####g##.##....###..##
..........#.<.......+......#.....
....g.....+.........#......#.....
...g.g....#.........#..... #.....
..........######...###+##########
..#+#####... #...# #........ g.#
#......#...# #........ ..#
#......#...+ #........


You could see a gnoll.

Vanquished Creatures
  An iguana (D:4)
  A hound skeleton (D:4)
  2 gnolls
  4 adders
  2 dart slugs (D:1)
  4 orcs (D:3)
  2 ball pythons
  5 bats
  9 endoplasms
  3 giant cockroaches
  5 goblins
  7 hobgoblins
  2 jackals (D:4)
  A quokka (D:1)
  2 frilled lizards
  10 kobolds
  5 rats
65 creatures vanquished.

Notes
Turn   | Place    | Note
-------+----------+-------------------------------------------
     0 | D:1      | Shayle the Djinni Warper began the quest for the Orb.
     0 | D:1      | Reached XP level 1. HP: 18/18 MP: 0/0
   367 | D:1      | Reached XP level 2. HP: 19/23 MP: 0/0
   608 | D:1      | Reached XP level 3. HP: 29/29 MP: 0/0
   608 | D:1      | Learned a level 1 spell: Beastly Appendage
   822 | D:1      | Found Bithaa's Magic Scroll Boutique.
  1327 | D:2      | Reached XP level 4. HP: 29/34 MP: 0/0
  1463 | D:2      | Found a faded altar of an unknown god.
  2019 | D:3      | Found Reguehum's Book Shoppe.
  2929 | D:4      | Reached XP level 5. HP: 33/40 MP: 0/0
  2929 | D:4      | Learned a level 2 spell: Searing Ray
  3596 | D:4      | Slain by a gnoll

Illustrated notes

Levels and vault maps discovered:
D:1:      eino_arrival_water_star, layout_loops_ring, serial_shops, shop,
          grunt_decor_clamped
D:2:      layout_loops_ring, ebering_ecumenical_altar_box
D:3:      layout_basic, nicolae_overflow_hidden_temple, serial_shops, shop
D:4:      layout_gridville

Skill      XL: |  1  2  3  4 |
---------------+-------------+-----
Dodging        | 3 |  3.5
Fighting       | 3 |  3.3
Unarmed Combat | 3 |  3.1
Spellcasting   | 3 |  3.1
Throwing       | |  0.7
Armour         | |  1.0

Action                   |  1- 3 |  4- 6 || total
-------------------------+-------+-------++-------
Melee: Unarmed           |   103 |     6 ||   109
       Punch             |     4 |     2 ||     6
       Headbutt          |     7 |    12 ||    19
       Dagger            |       |   151 ||   151
Throw: Boomerang         |     5 |       ||     5
 Cast: Beastly Appendage |     8 |    16 ||    24
  Use: Scroll            |       |     1 ||     1
 Stab: Sleeping          |     1 |     1 ||     2
Armor: Leather armour    |    36 |    43 ||    79
Dodge: Dodged            |    74 |   103 ||   177

Table legend: (Time is in decaauts)
 A = Elapsed time spent in this place.
 B = Non-inter-level travel time spent in this place.
 C = Inter-level travel time spent in this place.
 D = Time resting spent in this place.
 E = Time spent auto-exploring this place.
 F = Levels seen in this place.
 G = Mean time per level.
                   A        B        C        D        E       F      G
               +--------+--------+--------+--------+--------+-----+--------+
         Total |   3594 |   3454 |    140 |    538 |   2119 |   4 |  898.5 |
       Dungeon |   3594 |   3454 |    140 |    538 |   2119 |   4 |  898.5 |
               +--------+--------+--------+--------+--------+-----+--------+

Top non-repeatable levels by time:
     D:3: 1184 daAuts
     D:1: 1183 daAuts
     D:2: 816 daAuts
     D:4: 410 daAuts
